 Dungeon Crawl Stone Soup version 0.29-a0-824-gd827844252 (webtiles) character file.

Game seed: 2828629220231415498

2 LynnLen the Vexing (level 1, 13/13 HPs)
             Began as a Vampire Enchanter on July 10, 2022.
             Quit the game on level 1 of the Dungeon.
             The game lasted 00:00:46 (17 turns).

LynnLen the Vexing (Vampire Enchanter)                Turns: 17, Time: 00:00:47

Health: 13/13      AC:  2    Str:  7    XL:     1   Next: 33%
Magic:  3/3        EV: 12    Int: 17    God:
Gold:   0          SH:  0    Dex: 14    Spells: 4/4 levels left

rFire   . . .      SeeInvis +   a - +1 dagger
rCold   . . .      Faith    .   (no shield)
rNeg    . . .      Spirit   .   b - +0 robe
rPois   .          Reflect  .   (no helmet)
rElec   .          Harm     .   (no cloak)
rCorr   .          Rampage  .   (no gloves)
Will    .....                   (no boots)
Stlth   +++.......              (no amulet)
HPRegen 0.24/turn               (no ring)
MPRegen 0.08/turn               (no ring)

@: healing quickly
A: alive, fangs 3, see invisible, vampiric 1
a: Exsanguinate


You were on level 1 of the Dungeon.
You visited 1 branch of the dungeon, and saw 1 of its levels.

Inventory:

Hand Weapons
 a - a +1 dagger (weapon)
Armour
 b - a +0 robe (worn)
Potions
 c - 2 potions of invisibility


   Skills:
 - Level 1.1 Short Blades
 + Level 0.5 Armour
 - Level 2.1 Dodging
 - Level 4.4 Stealth
 - Level 2.0 Spellcasting
 - Level 4.4 Hexes


You had 4 spell levels left.
You didn't know any spells.
Your spell library contained the following spells:

 Spells                   Type           Power      Damage    Failure   Level
 Confusing Touch          Hex            16%        N/A       10%         3
 Tukima's Dance           Hex            16%        N/A       10%         3
 Ensorcelled Hibernation  Hex/Ice        18%        N/A       12%         2
 Dazzling Flash           Conj/Hex       18%        N/A       24%         3


Dungeon Overview and Level Annotations

Branches:
Dungeon (1/15)

Altars:


Innate Abilities, Weirdness & Mutations

Your natural rate of healing is accelerated.
You have razor-sharp teeth.
You have supernaturally acute eyesight. (SInv)
You are afflicted with vampirism.


Message History

Ran out of altars for temple! x8
Welcome, LynnLen the Vampire Enchanter.
Will you be the one to retrieve the fabulous Orb of Zot from the depths?
Press ? for a list of commands and other information.
Found a staircase leading out of the dungeon.
Okay, then.
As you open the door, it creaks loudly!
Found a stone staircase leading down.
A dart slug comes into view.
There is an open door here.
The dart slug launches a dart at you. The slug dart misses you.
There is a stone staircase leading down here.
The dart slug barely misses you.
You hit the dart slug.
The dart slug is moderately wounded.
The dart slug barely misses you.
You hit the dart slug but do no damage.
You bite the dart slug, but do no damage.
The dart slug is moderately wounded.
You completely miss the dart slug.
The dart slug is moderately wounded.
The dart slug launches a dart at you. The slug dart hits you.
You hit the dart slug.
The dart slug is severely wounded.
The dart slug barely misses you.
You hit the dart slug.
The dart slug is severely wounded.
You hit the dart slug.
The dart slug is severely wounded.
The dart slug barely misses you.
You hit the dart slug.
You kill the dart slug!
You see here a dart slug corpse.
Are you sure you want to abandon this character and quit the game? (Confirm with "yes".)

. #. ##.#####
#......# .. ....#
#. #..######.# #.
#.........#
###.###>..@#.#
#.................
#.##'##.#.........
#.#####.#.##.##
#♣.≈P# ....# #
+.<≈P# #####
#♣.≈P# #.### #+#


There were no monsters in sight!

Vanquished Creatures
  A dart slug (D:1)
1 creature vanquished.

Notes
Turn   | Place    | Note
-------+----------+-------------------------------------------
     0 | D:1      | LynnLen the Vampire Enchanter began the quest for the Orb.
     0 | D:1      | Reached XP level 1. HP: 13/13 MP: 3/3
    17 | D:1      | Quit the game

Illustrated notes

Levels and vault maps discovered:
D:1:      tarquinn_simple_flora_water_e, layout_loops_cross,
          shapermc_ecumenical_altar_flowoftime

Action                   || total
-------------------------++-------
Melee: Dagger            ||     7
       Bite              ||     1
Dodge: Dodged            ||     5

Table legend: (Time is in decaauts)
 A = Elapsed time spent in this place.
 B = Non-inter-level travel time spent in this place.
 C = Inter-level travel time spent in this place.
 D = Time resting spent in this place.
 E = Time spent auto-exploring this place.
 F = Levels seen in this place.
 G = Mean time per level.
                   A        B        C        D        E       F      G
               +--------+--------+--------+--------+--------+-----+--------+
         Total |     16 |     16 |      0 |      0 |      0 |   1 |   16.0 |
       Dungeon |     16 |     16 |      0 |      0 |      0 |   1 |   16.0 |
               +--------+--------+--------+--------+--------+-----+--------+

Top non-repeatable levels by time:
     D:1: 16 daAuts
